 Dungeon Crawl Stone Soup version 0.28.0-45-g0d030f2227 (webtiles) character file.

Game seed: 10566226104761518648

31 Icepheonix32 the Covered (level 3, -1/29 HPs)
             Began as a Demonspawn Fighter on Apr 10, 2022.
             Slain by Terence
             ... wielding a +0 hand axe
              (7 damage)
             ... on level 2 of the Dungeon.
             The game lasted 00:01:08 (1836 turns).

Icepheonix32 the Covered (Demonspawn Fighter)       Turns: 1836, Time: 00:01:08

Health: -1/29      AC:  6    Str: 18    XL:     3   Next: 7%
Magic:  3/3        EV:  9    Int:  9    God:
Gold:   70         SH:  4    Dex: 12    Spells: 2/2 levels left

rFire   . . .      SeeInvis .   e - +2 dagger (vamp)
rCold   . . .      Faith    .   c - +0 buckler
rNeg    . . .      Spirit   .   b - +0 scale mail
rPois   .          Reflect  .   (helmet restricted)
rElec   .          Harm     .   (no cloak)
rCorr   .          Rampage  .   (no gloves)
Will    .....                   (no boots)
Stlth   ..........              (no amulet)
HPRegen 0.09/turn               (no ring)
MPRegen 0.08/turn               (no ring)

@: mighty
A: antennae 2
a: no special abilities


You were on level 2 of the Dungeon.
You visited 1 branch of the dungeon, and saw 2 of its levels.

You collected 70 gold pieces.

Inventory:

Hand Weapons
 a - a +0 long sword
 e - a +2 vampiric dagger (weapon)
 h - a +2 dagger of holy wrath
Armour
 b - a +0 scale mail (worn)
 c - a +0 buckler (worn)
 i - a +0 chain mail
Jewellery
 g - a ring of flight
Scrolls
 j - a scroll of identify {unknown}
Potions
 f - a potion of mutation {unknown}


   Skills:
 + Level 3.2 Fighting
 - Level 2.1 Long Blades
 + Level 3.3 Armour
 + Level 0.1 Dodging
 + Level 0.1 Stealth
 + Level 2.8 Shields


You had 2 spell levels left.
You didn't know any spells.
Your spell library contained the following spells:

 Spells                   Type           Power      Damage    Failure   Level
 Ensorcelled Hibernation  Hex/Ice        0%         N/A       94%         2
 Passwall                 Tmut/Erth      0%         N/A       94%         2
 Swiftness                Air            0%         N/A       99%         3


Dungeon Overview and Level Annotations

Branches:
Dungeon (2/15)

Altars:

Annotations:
D:2 Terence


Innate Abilities, Weirdness & Mutations

You have a pair of antennae on your head.


Message History

You are too injured to fight recklessly!
You are too injured to fight recklessly!
You are too injured to fight recklessly!
You are too injured to fight recklessly!
You are too injured to fight recklessly!
You are too injured to fight recklessly!
You are too injured to fight recklessly!
You are too injured to fight recklessly!
You closely miss Terence.
Terence is severely wounded.
Terence closely misses you.
You hit Terence but do no damage.
Terence is severely wounded.
Terence hits you but does no damage.
You hit Terence but do no damage.
Terence is severely wounded.
You block Terence's attack.
You closely miss Terence.
Terence is severely wounded.
Terence hits you with a +0 hand axe.
You closely miss Terence.
Terence is severely wounded.
Terence hits you but does no damage.
You closely miss Terence.
Terence is severely wounded.
Terence closely misses you.
You hit Terence but do no damage.
Terence is severely wounded.
Terence hits you with a +0 hand axe.
* * * LOW HITPOINT WARNING * * *
You feel very mighty all of a sudden. Terence hits you but does no damage.
You closely miss Terence.
Terence is severely wounded.
You closely miss Terence.
Terence is severely wounded.
Terence hits you with a +0 hand axe.
* * * LOW HITPOINT WARNING * * *
Terence hits you with a +0 hand axe!
You die...

#.....#
#...........†.#
#######
#.............####
#.................
#............#####
########.#'#.#
#.#.#.#{ #.#.#.#
######### #.#.#.#
#....@@.# #(#.#.#
#.#####.#####.#.#.#
####....##.#.#.#
#.....#.##.#.#.#
#.###.#....#.#..
#.###.######.#..
#.......# #.#..
#####.#.####.#
...#......#


You could see Terence.

Vanquished Creatures
  2 dart slugs (D:1)
  2 endoplasms
  4 giant cockroaches
  4 hobgoblins
  3 jackals (D:2)
  A kobold (D:1)
  2 quokkas (D:1)
  A ball python (D:2)
  A bat (D:2)
  A frilled lizard (D:2)
  A goblin (D:1)
  A rat (D:1)
23 creatures vanquished.

Notes
Turn   | Place    | Note
-------+----------+-------------------------------------------
     0 | D:1      | Icepheonix32 the Demonspawn Fighter began the quest for the
                  | Orb.
     0 | D:1      | Reached XP level 1. HP: 18/18 MP: 1/1
   648 | D:1      | Discovered your monstrous ancestry.
   648 | D:1      | Gained mutation: You have a pair of small antennae on your
                  | head. [demonic ancestry]
   648 | D:1      | Reached XP level 2. HP: 19/24 MP: 2/2
  1638 | D:2      | Gained mutation: You have a pair of antennae on your head.
                  | [demonic ancestry]
  1638 | D:2      | Reached XP level 3. HP: 24/29 MP: 3/3
  1805 | D:2      | Noticed Terence
  1836 | D:2      | Slain by Terence

Illustrated notes

Levels and vault maps discovered:
D:1:      dpeg_arrival_rooms_b, layout_loops_ring
D:2:      layout_basic, basic_altar, uniq_terence

Skill      XL: |  1  2 |
---------------+-------+-----
Long Blades    | 2 |  2.1
Armour         | 3 |  3.3
Fighting       | |  3.2
Dodging        | |  0.1
Stealth        | |  0.1
Shields        | |  2.8

Action                   || total
-------------------------++-------
Melee: Long sword        ||    61
       Dagger            ||    82
  Use: Potion            ||     1
Armor: Scale mail        ||    53
Dodge: Dodged            ||    48
Block: Buckler           ||    25
